 Dungeon Crawl Stone Soup version 0.29-a0-384-g6960b1960d (webtiles) character file.

Game seed: 5710009376785315787

1433 happo123 the Quickloader (level 8, -7/69 HPs)
             Began as a Minotaur Hunter on May 7, 2022.
             Mangled by a cyan ugly thing (15 damage)
             ... on level 6 of the Dungeon.
             The game lasted 00:36:22 (5032 turns).

happo123 the Quickloader (Minotaur Hunter)          Turns: 5032, Time: 00:36:23

Health: -7/69      AC:  9    Str: 16    XL:     8   Next: 45%
Magic:  7/7        EV: 10    Int:  6    God:
Gold:   267        SH:  0    Dex: 16    Spells: 7/7 levels left

rFire   . . .      SeeInvis .   u - +1 war axe (vamp)
rCold   . . .      Faith    .   r - orb {light}
rNeg    . . .      Spirit   .   g - +2 scale mail {Will+}
rPois   .          Reflect  .   (helmet restricted)
rElec   .          Harm     .   j - +0 cloak
rCorr   .          Rampage  .   (no gloves)
Will    +....                   (no boots)
Stlth   ..........              (no amulet)
HPRegen 0.21/turn               (no ring)
MPRegen 0.10/turn               (no ring)

@: glowing
A: horns 2, retaliatory headbutt
a: no special abilities


You were on level 6 of the Dungeon.
You visited 1 branch of the dungeon, and saw 6 of its levels.

You collected 267 gold pieces.

Inventory:

Hand Weapons
 a - a +1 hand crossbow
 o - a +0 dagger of draining
 s - a +1 short sword of venom
 u - a +1 vampiric war axe (weapon)
 B - a +3 quarterstaff of chaos
Armour
 g - a +2 scale mail of willpower (worn)
 j - a +0 cloak (worn)
 r - an orb of light (worn)
 w - a +0 kite shield
Jewellery
 h - an amulet of faith
Wands
 k - a wand of polymorph (10)
 y - a wand of iceblast (5)
 E - a wand of flame (8)
Scrolls
 b - a scroll of amnesia {unknown}
 c - a scroll of immolation
 f - 3 scrolls of noise
 i - 3 scrolls of identify
 m - 3 scrolls of magic mapping
 q - 2 scrolls of fog
 t - a scroll of acquirement {unknown}
 x - a scroll of blinking {unknown}
 D - 2 scrolls of teleportation {unknown}
Potions
 d - a potion of brilliance {unknown}
 e - a potion of flight {unknown}
 l - 3 potions of curing
 n - 2 potions of degeneration
 p - a potion of magic {unknown}
 v - 2 potions of haste {unknown}
 z - a potion of might {unknown}
 A - a potion of invisibility {unknown}
 C - a potion of lignification {unknown}
 F - a potion of ambrosia {unknown}
 G - a potion of attraction {unknown}


   Skills:
 + Level 5.6 Fighting
 + Level 6.5 Axes
 + Level 8.7 Crossbows
 + Level 3.1 Armour
 + Level 3.0 Dodging
 + Level 1.1 Stealth


You had 7 spell levels left.
You didn't know any spells.
Your spell library contained the following spells:

 Spells                   Type           Power      Damage    Failure   Level
 Blink                    Tloc           0%         N/A       95%         2
 Ozocubu's Armour         Ice            0%         N/A       99%         3
 Manifold Assault         Tloc           0%         N/A       100%        5
 Ozocubu's Refrigeration  Ice            0%         4d5       100%        7
 Storm Form               Tmut/Air       0%         N/A       100%        7


Dungeon Overview and Level Annotations

Branches:
Dungeon (6/15)
 Temple: D:4-7

Altars:
Cheibriados
Fedhas
Gozag
Kikubaaqudgha
Okawaru
Ru
Uskayaw
Xom
Yredelemnul
The Shining One


Innate Abilities, Weirdness & Mutations

You have a pair of horns on your head.
You reflexively headbutt those who attack you in melee.


Message History

Aim: a cyan ugly thing (lightly wounded, haloed, 83% to hit)
You shoot a bolt.
The bolt hits the cyan ugly thing but does no damage.
The cyan ugly thing is lightly wounded.
Shoot: a) +1 hand crossbow
Press: ? - help, Q - select action, (/) - cycle Shift-Dir - straight line, f/p - cyan ugly thing
Aim: a cyan ugly thing (lightly wounded, haloed, 83% to hit)
You shoot a bolt. The bolt hits the cyan ugly thing.
The cyan ugly thing is lightly wounded.
The cyan ugly thing completely misses you.
You furiously retaliate!
You headbutt the cyan ugly thing.
You feel a sense of dread.
u - a +1 vampiric war axe (weapon)
You slash the cyan ugly thing!
The cyan ugly thing is moderately wounded.
The cyan ugly thing gores you. The cyan ugly thing shocks you!
You hit the cyan ugly thing.
You feel better.
The cyan ugly thing is moderately wounded.
The cyan ugly thing gores you! The cyan ugly thing shocks you!
The cyan ugly thing barely misses you. You furiously retaliate!
You headbutt the cyan ugly thing. You barely miss the cyan ugly thing.
The cyan ugly thing is moderately wounded.
The cyan ugly thing gores you! The cyan ugly thing shocks you!
* * * LOW HITPOINT WARNING * * *
Aiming: Polymorph
Press: ? - help, Shift-Dir - straight line, f/p - cyan ugly thing
Aim: a cyan ugly thing (moderately wounded, haloed, will change colour)
Okay, then.
The cyan ugly thing attacks as you move away!
The cyan ugly thing closely misses you.
Cleave: u) +1 war axe (vamp)
Press: ? - help, Dir - move target, f/p - cyan ugly thing
Aim: a cyan ugly thing (moderately wounded, haloed, about 19% to evade your +1 vampiric war axe)
You slash the cyan ugly thing!
You feel better.
The cyan ugly thing is heavily wounded.
The cyan ugly thing gores you!
* * * LOW HITPOINT WARNING * * *
The cyan ugly thing shocks you!
You die...

...........#..##....#....
...........#..##....#....
...........#........#....
...........#........+....
...........#........#....
...........#..##..#.....)
###############....#..##..#######
...........#..#.u..#.......#
...........#..#.@..'.......#
...........#..#....#.......#
##..#####'##..#....#.......#
##'####..##..#....#.......#
#..#.....'...#....#########
#..#.....#...#....#
#..#.....#...#....#
#..#.....#...#....#
#..###...##..#....#


You could see a cyan ugly thing.

Vanquished Creatures
  Grinder (D:5)
  A steam dragon (D:6)
  An ice beast (D:3)
  An ogre (D:5)
  A centaur (D:6)
  A bullfrog (D:3)
  A necrophage (D:5)
  4 scorpions
  4 hounds
  A jelly (D:4)
  Crazy Yiuf (D:4)
  2 iguanas
  An orc wizard (D:5)
  2 gnolls (D:5)
  8 adders
  A white imp (D:4)
  2 ufetubi
  3 worms
  2 dart slugs
  18 orcs
  3 ball pythons (D:2)
  12 endoplasms
  2 giant cockroaches
  12 goblins
  9 hobgoblins
  6 jackals
  2 quokkas
  4 bats
  3 frilled lizards
  15 kobolds
  7 rats
131 creatures vanquished.

Vanquished Creatures (others)
  3 fungi (D:4)
  7 toadstools (D:4)
10 creatures vanquished.

Grand Total: 141 creatures vanquished

Notes
Turn   | Place    | Note
-------+----------+-------------------------------------------
     0 | D:1      | happo123 the Minotaur Hunter began the quest for the Orb.
     0 | D:1      | Reached XP level 1. HP: 18/18 MP: 0/0
    10 | D:1      | Noticed an electric eel
   258 | D:1      | Reached XP level 2. HP: 25/25 MP: 1/1
   413 | D:1      | Reached skill level 5 in Crossbows
   508 | D:1      | Found a faded altar of an unknown god.
   905 | D:2      | Reached XP level 3. HP: 30/30 MP: 2/2
  1391 | D:3      | Reached XP level 4. HP: 38/38 MP: 3/3
  1474 | D:3      | Noticed an ice beast
  1491 | D:3      | Killed an ice beast
  1492 | D:3      | Reached skill level 6 in Crossbows
  1492 | D:3      | Reached skill level 1 in Armour
  1492 | D:3      | Reached XP level 5. HP: 46/46 MP: 4/4
  1561 | D:3      | Found an ancient bone altar of Kikubaaqudgha.
  1637 | D:3      | Reached skill level 7 in Crossbows
  1637 | D:3      | Reached XP level 6. HP: 52/52 MP: 5/5
  2189 | D:4      | Found a runed translucent door.
  2190 | D:4      | Noticed Crazy Yiuf
  2198 | D:4      | Killed Crazy Yiuf
  2199 | D:4      | Reached skill level 1 in Axes
  3032 | D:4      | Reached XP level 7. HP: 60/60 MP: 6/6
  3294 | D:5      | Entered Level 5 of the Dungeon
  3346 | D:5      | Reached skill level 8 in Crossbows
  3410 | D:5      | Reached skill level 1 in Stealth
  3640 | D:5      | Reached skill level 5 in Fighting
  3872 | D:5      | Noticed Grinder
  3880 | D:5      | Killed Grinder
  3881 | D:5      | Reached skill level 5 in Axes
  3881 | D:5      | Reached XP level 8. HP: 57/68 MP: 7/7
  4366 | D:6      | Found a sacrificial altar of Ru.
  4369 | D:6      | Found a basalt altar of Yredelemnul.
  4387 | D:6      | Found a snail-covered altar of Cheibriados.
  4387 | D:6      | Found a glowing golden altar of the Shining One.
  4387 | D:6      | Found a blossoming altar of Fedhas.
  4388 | D:6      | Found a shimmering altar of Xom.
  4390 | D:6      | Found an opulent altar of Gozag.
  4391 | D:6      | Found an iron altar of Okawaru.
  4401 | D:6      | Found a hide-covered altar of Uskayaw.
  5022 | D:6      | Noticed a cyan ugly thing
  5032 | D:6      | Mangled by a cyan ugly thing

Illustrated notes

Levels and vault maps discovered:
D:1:      arrival_aquarium_a, layout_basic, serial_aquarium,
          aquarium_bridge_long_joined [aquarium_subvault_wall,
          aquarium_subvault_bridge, aquarium_subvault_wall,
          aquarium_subvault_wall, aquarium_subvault_wall,
          aquarium_subvault_balcony], aquarium_bridge_straight
          [aquarium_subvault_bridge, aquarium_subvault_wall,
          aquarium_subvault_bridge, aquarium_subvault_wall], aquarium_window_1,
          aquarium_window_1, aquarium_view_2c, aquarium_pool_side,
          shapermc_ecumenical_altar_venn
D:2:      layout_rooms
D:3:      layout_rooms, kiku_gazebo_garden_becter, st_stairs_1,
          minmay_fractal_squares_5
D:4:      cheibrodos_fertilizer, layout_layer_cave,
          chequers_serial_rivers_micro_a, hangedman_abyss_or_decor_passed,
          minmay_misc_feat_roman, uniq_crazy_yiuf_cottage
D:5:      layout_loops_corners, minmay_misc_feat_ornament, uniq_grinder
D:6:      layout_gridville, nemelex_xobeh_ov_fountains_minmay, minitemple,
          serial_shops, nicolae_square_shop

Skill      XL: |  1  2  3  4  5  6  7  8 |
---------------+-------------------------+-----
Crossbows      | 5 6 7 8 |  8.7
Fighting       | 3 4 5 |  5.6
Armour         | 1 2 3 |  3.1
Axes           | 2 5 6 |  6.5
Stealth        | 1 |  1.1
Dodging        | 3 |  3.0

Action                   |  1- 3 |  4- 6 |  7- 9 || total
-------------------------+-------+-------+-------++-------
Melee: War axe           |       |    31 |    60 ||    91
       Headbutt          |       |     7 |    14 ||    21
 Fire: Hand crossbow     |   110 |   127 |    58 ||   295
  Use: Scroll            |       |     4 |     2 ||     6
Armor: Leather armour    |     2 |       |       ||     2
       Scale mail        |    31 |    35 |    38 ||   104
Dodge: Dodged            |    35 |    45 |    40 ||   120
Block: Buckler           |     1 |       |       ||     1

Table legend: (Time is in decaauts)
 A = Elapsed time spent in this place.
 B = Non-inter-level travel time spent in this place.
 C = Inter-level travel time spent in this place.
 D = Time resting spent in this place.
 E = Time spent auto-exploring this place.
 F = Levels seen in this place.
 G = Mean time per level.
                   A        B        C        D        E       F      G
               +--------+--------+--------+--------+--------+-----+--------+
         Total |   5156 |   3071 |   2085 |    729 |   1514 |   6 |  859.3 |
       Dungeon |   5156 |   3071 |   2085 |    729 |   1514 |   6 |  859.3 |
               +--------+--------+--------+--------+--------+-----+--------+

Top non-repeatable levels by time:
     D:4: 1422 daAuts
     D:5: 1080 daAuts
     D:1: 827 daAuts
     D:3: 722 daAuts
     D:6: 678 daAuts
     D:2: 426 daAuts
